Orko, chaotic female orcish Wizard ---------------- |..............| #------------- |...............#####.!.........(+ |..............| #|.....?.....| |...............#####|...-.---.... ---------------- |...|.{.|...| |..=|{.{|*... ----------- |...|.{.|...| |.........| |...-----...| |.........| ------ |.....).....| #|.........| |....| |%.^.^...../.######|.........| |....| ------------- #..........| ..ND.| |.........| |^.o.| ----------- ------ Orko the Conjurer Experience level: 5 Strength: 13 Dexterity: 14 Constitution: 15 Intelligence: 15 Wisdom: 7 Charisma: 10 Health: 0(28) Energy: 5(38) Def: 1 Gold: 605 Moves: 1282 Dungeon seed: dm05iTvKdN7d12Xx Game ID: Orko_1571083852 Your Inventory: Rings C - an uncursed +1 ring of gain strength D - a blessed +1 ring of adornment Armor h - an uncursed +0 orcish helm (being worn) q - an uncursed +0 orcish helm r - a blessed +0 orcish helm Weapons b - a blessed +1 quarterstaff (weapon in hands) c - an uncursed +0 sling Wands J - an uncursed wand of digging (0:0) Potions o - a cursed potion of sleeping E - a cursed potion of paralysis Scrolls j - an uncursed scroll of identify k - an uncursed scroll of create monster s - an uncursed scroll of stinking cloud K - a blessed scroll of fire Comestibles v - an uncursed orange x - 2 uncursed eggs z - an uncursed slice of pizza H - an uncursed gecko corpse I - 2 uncursed candy bars M - 2 uncursed food rations N - an uncursed tin of newt meat Gems e - an uncursed worthless piece of green glass n - 2 uncursed amethyst stones Coins $ - 605 gold pieces Spells and supernatural/magical abilities: Name Level Category Fail Memory a - force bolt 1 attack 3% 94% E - detect food 2 divination 84% 94% W - pray for help -- divine ? -- Your skills at the end: Fighting Skills Weapon Skills quarterstaff [Basic] Spellcasting Skills attack spells [Basic] enchantment spells [Basic] Final Attributes: You had transgressed. You were poison resistant. You were hallucinating. You had infravision. You were unlucky. You are dead. Vanquished creatures: a blue jelly a raven a gnome mummy 7 hill orcs 5 dwarf zombies a giant rat 2 geckos a jackal a goblin a grid bug a kobold zombie a newt and a partridge in a pear tree 23 creatures vanquished. Voluntary challenges: You were an atheist. You used a wielded weapon 9 times, starting on turn 8. You read items or engraved 1 time, starting on turn 621. You never genocided any monsters. You never polymorphed an object. You never changed form. You used no wishes. You never split a pudding. You never wrote Elbereth's name. You violated your moral code, losing 51 points of alignment, starting on turn 1109. You abstained from Elbereth's help. You werepermanently hallucinating. Dungeon overview: The Dungeons of Doom: levels 1 to 9 Level 1 a long staircase Level 2 a fountain Level 3 Level 4 Level 5 Level 6 a delicatessen Level 7 <- You were here many fountains Level 8 Level 9 a fountain History has recorded: On T:1 you entered the Dungeons of Doom to retrieve the Amulet of Yendor! On T:238 you reached level 2 of The Dungeons of Doom. On T:286 you reached level 3 of The Dungeons of Doom. On T:406 you reached level 4 of The Dungeons of Doom. On T:433 you reached level 5 of The Dungeons of Doom. On T:530 you reached level 6 of The Dungeons of Doom. On T:540 you advanced to experience level 2. On T:620 you reached level 7 of The Dungeons of Doom. On T:747 you reached level 8 of The Dungeons of Doom. On T:748 you reached level 9 of The Dungeons of Doom. On T:760 you advanced to experience level 3. On T:869 you advanced to experience level 4. On T:1109 you advanced to experience level 5. Score breakdown: Gold: 605 ( 9465 points) Experience: 5 levels (11141 points) Exploration: 9 levels ( 18.37%) (12247 points) Discoveries: 2 items ( 0.72%) ( 2553 points) Valuables value: (no points given unless you survive) Artifact value: 0 ( 0 points) Variety of kills: 12 monsters ( 3.15%) ( 5324 points) Turncount: 1282 turns ( 0 points) Survival: died (score multiplied by 80%) Total score: 32584 Latest messages: The orcish dagger hits it. The orcish dagger hits it. The orcish dagger hits it. y - a spear named c (in quiver). The spear named c hits it. You see here a scroll labeled READ ME. You stumble into a spider web! K - a scroll labeled READ ME. You are stuck to the web. You disentangle yourself. G - an orcish dagger (in quiver). You miss it. You are suddenly very hot! The orcish dagger hits it. The black naga hatchling bites! The grue bites! You die... Final status: Goodbye Orko the Wizard, killed by a hallucinogen-distorted giant spider... You died in The Dungeons of Doom on dungeon level 7 with 32584 points, and 605 pieces of gold, after 1282 moves. You were level 5 with a maximum of 28 hit points when you died.